 Dungeon Crawl Stone Soup version 0.18-a0-1507-g69458e0 (webtiles) character file.

154 namelastname112 the Magician (level 5, 0/38 HPs)
             Began as a Draconian Ice Elementalist on Mar 5, 2016.
             Was an Initiate of Sif Muna.
             Slain by a phantom (7 damage)
             ... on level 4 of the Dungeon.
             The game lasted 00:06:13 (3279 turns).

namelastname112 the Magician (DrIE)                 Turns: 3279, Time: 00:06:13

Health: 0/38       AC:  5    Str: 11    XL:     5   Next: 13%
Magic:  12/12      EV: 12    Int: 16    God:    Sif Muna [......]
Gold:   202        SH:  0    Dex: 11    Spells: 1 memorised, 13 levels left

rFire  . . .     SeeInvis .     h - +1 dagger (holy)
rCold  . . .     Gourm    .     (armour unavailable)
rNeg   . . .     Faith    .     (no shield)
rPois  .         Spirit   .     (helmet restricted)
rElec  .         Dismiss  .     (no cloak)
rCorr  +         Reflect  .     (no gloves)
SustAt .         Harm     .     (no boots)
MR     .....                    (no amulet)
Stlth  ++........               (no ring)
                                j - ring of resist corrosion

@: not resistant to hostile enchantments, unstealthy
A: unfitting armour, cold-blooded, AC +5
a: Renounce Religion


You were on level 4 of the Dungeon.
You worshipped Sif Muna.
Sif Muna was noncommittal.
You were hungry.

You visited 1 branch of the dungeon, and saw 4 of its levels.

You collected 202 gold pieces.

Inventory:

Hand Weapons
 h - a +1 dagger of holy wrath (weapon)
Armour
 p - a +0 cloak
Jewellery
 j - a ring of resist corrosion (left hand)
Scrolls
 c - 2 scrolls of amnesia {unknown}
 e - a scroll of fog {unknown}
 f - a scroll of recharging {unknown}
 g - 2 scrolls of identify {unknown}
 i - 2 scrolls of random uselessness {unknown}
 l - 2 scrolls of remove curse {unknown}
Potions
 d - a potion of magic
 m - a potion of might {unknown}
Books
 a - a book of Frost

   Spells                             Type                      Level
   a - Freeze                         Ice                          1
   b - Throw Frost                    Conjuration/Ice              2
   c - Ozocubu's Armour               Charms/Ice                   3
   d - Throw Icicle                   Conjuration/Ice              4
   e - Summon Ice Beast               Ice/Summoning                4
Comestibles
 b - 3 bread rations
 k - 2 meat rations
 n - a slice of pizza


   Skills:
 - Level 1.7 Dodging
 - Level 1.7 Stealth
 + Level 5.0 Spellcasting
   Level 1.0 Conjurations
 - Level 3.0 Ice Magic


You had 13 spell levels left.
You knew the following spells:

 Your Spells              Type           Power        Failure   Level  Hunger
z - Freeze                Ice            ##..         6%          1    None


Dungeon Overview and Level Annotations

Branches:
Dungeon (4/15)
 Temple: D:4-7

Altars:
Cheibriados
Qazlal
Sif Muna
Yredelemnul
Zin


Innate Abilities, Weirdness & Mutations

Your plain brown scales are hard (AC +5).
Your body does not fit into most forms of armour.
You are cold-blooded and may be slowed by cold attacks.


Message History

The phantom hits you.
* * * LOW HITPOINT WARNING * * *
You hit the phantom.
The phantom convulses.
The phantom is heavily damaged.
The phantom hits you.
* * * LOW HITPOINT WARNING * * *
Found 18 sling bullets.
You hit the phantom but do no damage.
The phantom is heavily damaged.
The phantom misses you.
You are feeling hungry.
You hit the phantom but do no damage.
Your tail-slap misses the phantom.
The phantom is heavily damaged.
The phantom hits you.
* * * LOW HITPOINT WARNING * * *
Drink which item? (? for menu, Esc to quit)
It was a potion of magic.
Magic courses through your body. The phantom barely misses you.
The phantom hits you!
You die...

### # #. ..# #
#.#. #.### .#
#.#.###...##.## #
#).............
#.#.#............
#................
#.....@<.......
##....#W###.#.#
####...# .##
#..#.#.###+#...
#....#......##
#..#.#.......##.
#.[.............
##.#.........###
(..####.........


You could see a phantom.

Vanquished Creatures
  A giant frog skeleton (D:4)
  3 adders
  3 worms
  3 dart slugs
  4 giant geckos
  6 giant cockroaches
  4 goblins
  10 hobgoblins
  12 jackals
  A quokka (D:2)
  9 bats
  3 giant newts
  9 kobolds
  8 rats
76 creatures vanquished.

Notes
Turn   | Place    | Note
--------------------------------------------------------------
     0 | D:1      | namelastname112 the Draconian Ice Elementalist began the quest for the Orb.
     0 | D:1      | Reached XP level 1. HP: 14/14 MP: 3/3
   163 | D:1      | Reached XP level 2. HP: 15/20 MP: 0/5
   530 | D:1      | Reached skill level 3 in Spellcasting
   661 | D:1      | Reached XP level 3. HP: 19/26 MP: 1/7
  1285 | D:2      | Reached skill level 4 in Spellcasting
  1324 | D:2      | Reached XP level 4. HP: 29/33 MP: 3/10
  1357 | D:2      | Found a deep blue altar of Sif Muna.
  1554 | D:2      | Became a worshipper of Sif Muna the Loreminder
  1830 | D:2      | Found a basalt altar of Yredelemnul.
  2283 | D:3      | Found a faded altar to an unknown god.
  2381 | D:3      | Found a snail-covered altar of Cheibriados.
  2458 | D:3      | Found a glowing silver altar of Zin.
  2641 | D:3      | Found a stormy altar of Qazlal.
  2822 | D:4      | Noticed a phantom
  2961 | D:4      | Reached skill level 5 in Spellcasting
  2961 | D:4      | Reached XP level 5. HP: 25/38 MP: 10/12
  3279 | D:4      | Slain by a phantom

Vault maps used:
D:1:      minmay_arrival_doors, corexii_corridor_pit
D:2:      led_sif_pool, first_bread, yredelemnul_altar_generic
D:3:      lemuel_round_altar, lemuel_coloured_pillars_altar, old_standard_altar,
          ecumenical_altar_2
D:4:      grunt_pakellas_salt, nicolae_overflow_hidden_temple,
          minmay_temple_entry_statues_fountains

Skill      XL: |  1  2  3  4 |
---------------+-------------+-----
Spellcasting   | 3 4 5 |  5.0
Dodging        | |  1.7
Stealth        | |  1.7
Conjurations   | |  1.0
Ice Magic      | |  3.0

Action                   |  1- 3 |  4- 6 || total
-------------------------+-------+-------++-------
Melee: Unarmed           |    39 |       ||    39
       Short sword       |    14 |       ||    14
       Dagger            |    19 |    64 ||    83
 Cast: Freeze            |    57 |    56 ||   113
  Use: Potion            |       |     1 ||     1
 Stab: Sleeping          |     2 |       ||     2
  Eat: Chunk             |     1 |     6 ||     7
